 Seeded DCSS version 0.30.1-9-gdf580d7c3d (webtiles) character file.

Game seed: 920673320228942481 (custom seed)

43 Psyclone the Conjurer (level 3, -1/19 HPs)
             Began as a Deep Elf Conjurer on Oct 9, 2023.
             Slain by a hound (2 damage)
             ... on level 5 of the Dungeon.
             The game lasted 00:01:37 (442 turns).

Psyclone the Conjurer (Deep Elf Conjurer)            Turns: 442, Time: 00:01:37

Health: -1/19      AC:  2    Str:  4    XL:     3   Next: 37%
Magic:  7/9        EV: 12    Int: 24    God:
Gold:   0          SH:  0    Dex: 13    Spells: 7/8 levels left

rFire   . . .        (no weapon)
rCold   . . .        (no shield)
rNeg    . . .        a - +0 robe
rPois   .            (no helmet)
rElec   .            (no cloak)
rCorr   .            (no gloves)
SInv    .            (no boots)
Will    .....        e - amulet of the acrobat
Stlth   ++           (no ring)
HPRegen 0.23/turn    (no ring)
MPRegen 0.11/turn

%: acrobat
@: lethally poisoned (-1 -> -3)
A: no striking features
a: no special abilities


You were on level 5 of the Dungeon.
You visited 1 branch of the dungeon, and saw 5 of its levels.

Inventory:

Armour
 a - a +0 robe (worn)
Jewellery
 e - an amulet of the acrobat (around neck)
Scrolls
 c - 3 scrolls of acquirement {unknown}
Potions
 b - a potion of magic
 d - a potion of lignification {unknown}
 f - a potion of ambrosia {unknown}


   Skills:
 - Level 2.4 Dodging
 - Level 2.4 Stealth
 - Level 3.0 Spellcasting
 + Level 5.7 Conjurations


You had 7 spell levels left.
You knew the following spells:

 Your Spells              Type           Power      Damage    Failure   Level
a - Magic Dart            Conj           100%       1d8       1%          1

Your spell library contained the following spells:

 Spells                   Type           Power      Damage    Failure   Level
 Searing Ray              Conj           62%        2d6       1%          2
 Dazzling Flash           Conj/Hex       34%        N/A       10%         3
 Stone Arrow              Conj/Erth      34%        3d9       10%         3
 Sandblast                Erth           6%         2d5       11%         1
 Passwall                 Tmut/Erth      2%         N/A       16%         2
 Fulminant Prism          Conj/Hex       8%         3d7       32%         4
 Iskenderun's Mystic Bla  Conj/Tloc      17%        2d5       32%         4


Dungeon Overview and Level Annotations

Branches:
Dungeon (5/15) Zot: 26948
 Temple: D:4-7

Altars:

Annotations:
D:5 Menkaure


Message History

The hound stops to sniff the ground.
The scorpion barely misses you. The scorpion completely misses you.
Casting: Magic Dart (safe; 1% risk of failure)
Confirm with . or Enter, or press ? or * to list all spells.
Aiming: Magic Dart (safe; 1% risk of failure)
Press: ? - help, Shift-Dir - straight line, f - hound
Aim: a hound (100% to hit)
The magic dart hits the hound.
The hound is moderately wounded.
The hound barely misses you. The scorpion stings you.
You are poisoned.
The scorpion poisons you!
You take 2 damage, and have 17/19 hp.
You now have 8/9 mp.
Casting: Magic Dart (safe; 1% risk of failure)
Confirm with . or Enter, or press ? or * to list all spells.
Aiming: Magic Dart (safe; 1% risk of failure)
Press: ? - help, Shift-Dir - straight line, f/p - hound
Aim: a hound (moderately wounded, 100% to hit)
The magic dart hits the hound!
The hound is severely wounded.
You feel sick. The hound closely misses you. The scorpion stings you.
The hound misses you.
You take 7 damage, and have 10/19 hp.
MASSIVE DAMAGE!!
You now have 7/9 mp.
You hit the hound but do no damage.
The hound is severely wounded.
You feel sick. The scorpion closely misses you. The hound bites you.
You hit the hound but do no damage.
The hound is severely wounded.
You feel sick. The scorpion misses you. The hound bites you.
* * * LOW HITPOINT WARNING * * *
The hound bites you but does no damage. The scorpion closely misses you.
You hit the hound but do no damage.
The hound is severely wounded.
* * * LOW HITPOINT WARNING * * *
You feel sick.
Menkaure calls on the powers of darkness!
The hound convulses!
You feel a surge of unholy energy.
The scorpion convulses!
The hound bites you.
You die...

.. #.. ##... #
##..... #.. ###
####.......
....#..##.#........
[# #......@hM.......#
.# ...##...s...###
..+ ##.#.....### #..#
#.........# #...#
#.........###....#
........#.........#
..#......##...#.###.#
..
#..#.......##.#...# ≈
..##.......##.#.#.#


You could see Menkaure (fast), a scorpion and a hound.

Vanquished Creatures
  A hound (D:4)
  A dart slug (D:1)
  3 orcs (D:4)
  A ball python (D:4)
  An endoplasm (D:3)
7 creatures vanquished.

Notes
Turn   | Place    | Note
-------+----------+-------------------------------------------
     0 | D:1      | Psyclone the Deep Elf Conjurer began the quest for the Orb.
     0 | D:1      | Reached XP level 1. HP: 10/10 MP: 6/6
   164 | D:4      | Noticed a hound
   169 | D:4      | Killed a hound
   170 | D:4      | Reached skill level 5 in Conjurations
   170 | D:4      | Reached XP level 2. HP: 15/15 MP: 2/8
   170 | D:4      | Reached XP level 3. HP: 19/19 MP: 2/9
   391 | D:5      | Entered Level 5 of the Dungeon
   414 | D:5      | Noticed Menkaure
   414 | D:5      | Noticed a scorpion
   425 | D:5      | Noticed an ogre
   442 | D:5      | Slain by a hound

Illustrated notes

Levels and vault maps discovered:
D:1:      dpeg_arrival_orchard, layout_basic
D:2:      layout_loops_corners, uniq_natasha, uniq_crazy_yiuf_cottage
D:3:      layout_basic, serial_shops, nicolae_shop_stone, shop
D:4:      layout_basic, nicolae_figureground_sparkle, uniq_sigmund, uniq_robin,
          uniq_blork_the_orc
D:5:      layout_cave_pools, nicolae_ru_path_of_blood, minmay_quadrilaterals,
          uniq_menkaure, uniq_ijyb

Skill      XL: |  1 |
---------------+----+-----
Conjurations   | 5 |  5.7
Dodging        | |  2.4
Stealth        | |  2.4
Spellcasting   | |  3.0

Action                     || total
---------------------------++-------
  Melee: Unarmed           ||     5
   Cast: Magic Dart        ||    18
 Armour: Robe              ||     1
  Dodge: Dodged            ||    13
